 Dungeon Crawl Stone Soup version 0.30-a0-639-g3916f1956a (webtiles) character file.

Game seed: 8854040069423898908

369 Mitcholas the Chopper (level 6, -2/37 HPs)
             Began as a Gargoyle Fighter on Jan 16, 2023.
             Was an Initiate of Okawaru.
             Slain by a river rat (3 damage)
             ... summoned by Eustachio
             ... on level 4 of the Dungeon.
             The game lasted 00:05:40 (2945 turns).

Mitcholas the Chopper (Gargoyle Fighter)            Turns: 2945, Time: 00:05:41

Health: -2/37      AC: 11    Str: 21    XL:     6   Next: 70%
Magic:  6/6        EV:  9    Int:  9    God:    Okawaru [......]
Gold:   209        SH:  4    Dex:  9    Spells: 5/5 levels left

rFire   . . .      SeeInvis +    a - +0 war axe
rCold   . . .      Faith    .    c - +0 buckler
rNeg    + . .      Spirit   .    b - +0 scale mail
rPois   ∞          Reflect  .    (no helmet)
rElec   +          Harm     .    (no cloak)
rCorr   .          Rampage  .    (no gloves)
Will    +....                    (no boots) Stlth
                                 (no amulet)
HPRegen 0.26/turn                f - ring of willpower
MPRegen 0.10/turn                m - ring of see invisible

@: no status effects
A: sickness immunity, AC +4, negative energy resistance 1, electricity
resistance, torment resistance 1, petrification resistance
a: Renounce Religion


You were on level 4 of the Dungeon.
You worshipped Okawaru.
Okawaru was noncommittal.
You visited 2 branches of the dungeon, and saw 5 of its levels.

You collected 209 gold pieces.

Inventory:

Hand Weapons
 a - a +0 war axe (weapon)
Missiles
 n - 2 poisoned darts (quivered)
Armour
 b - a +0 scale mail (worn)
 c - a +0 buckler (worn)
Jewellery
 f - a ring of willpower (left hand)
 m - a ring of see invisible (right hand)
Wands
 p - a wand of polymorph (6)
Scrolls
 e - 4 scrolls of identify
 g - a scroll of amnesia {unknown}
 i - 2 scrolls of enchant armour {unknown}
 j - 4 scrolls of teleportation {unknown}
 l - a scroll of butterflies {unknown}
Potions
 d - 5 potions of might
 h - a potion of brilliance {unknown}
 k - 3 potions of mutation
 o - a potion of haste {unknown}
 q - a potion of attraction {unknown}
 r - a potion of heal wounds {unknown}


   Skills:
 - Level 3.2 Fighting
 + Level 6.3 Axes
 - Level 3.2 Armour
 - Level 3.2 Shields


You had 5 spell levels left.
You didn't know any spells.
Your spell library contained the following spells:

 Spells                   Type           Power      Damage    Failure   Level
 Magic Dart               Conj           0%         1d3       82%         1
 Sandblast                Erth           0%         2d4       82%         1
 Slow                     Hex            0%         N/A       82%         1
 Passwall                 Tmut/Erth      0%         N/A       91%         2
 Searing Ray              Conj           0%         2d4       91%         2
 Confusing Touch          Hex            0%         N/A       99%         3
 Mephitic Cloud           Conj/Pois/Air  0%         N/A       99%         3
 Stone Arrow              Conj/Erth      0%         3d7       99%         3
 Vampiric Draining        Necr           0%         2d6       99%         3
 Fulminant Prism          Conj/Hex       0%         3d5       100%        4
 Yara's Violent Unravell  Hex/Tmut       0%         3d3       100%        5
 Enfeeble                 Hex            0%         N/A       100%        7
 Call Imp                 Summ           Unusable   N/A       N/A         2

Dungeon Overview and Level Annotations

Branches:
Dungeon (4/15)             Temple (1/1) D:4

Altars:
Ashenzari
Elyvilon
Fedhas
Hepliaklqana
Kikubaaqudgha
Makhleb
Nemelex Xobeh
Okawaru
Qazlal
Trog
Uskayaw
Vehumet
Wu Jian
Xom
Yredelemnul
Zin
The Shining One

Shops:
D:4 *

Annotations:
D:4 Eustachio
Temple 2 transporters


Innate Abilities, Weirdness & Mutations

You are immune to sickness and miasma.
Your stone body is resilient. (AC +4)
You are immune to poison.
You resist negative energy. (rN+)
You are resistant to electric shocks. (rElec)
You are resistant to unholy torment.
You are immune to petrification.


Message History

The crimson imp blinks!
The river rat bites you.
Eustachio casts a spell.
Eustachio blinks!
The crimson imp disappears in a puff of smoke!
The river rat attacks as you move away! You block the river rat's attack.
Eustachio hits you with a +0 falchion.
* * * LOW HITPOINT WARNING * * *
The river rat attacks as you move away! The river rat closely misses you.
Eustachio gestures wildly while chanting.
You block the river rat's attack.
Eustachio mumbles some strange words.
You hit Eustachio.
Eustachio is heavily wounded.
You barely miss the rat. You barely miss the river rat. You hit the quokka.
You hit the bat.
You kill the bat!
The bat's corpse disappears in a puff of smoke!
The river rat bites you.
* * * LOW HITPOINT WARNING * * *
Eustachio hits you but does no damage.
The quokka bites you but does no damage.
The rat bites you but does no damage.
You hit Eustachio.
Eustachio is heavily wounded.
You hit the rat.
You kill the rat!
The rat's corpse disappears in a puff of smoke!
You closely miss the river rat. You hit the quokka.
You kill the quokka!
The quokka's corpse disappears in a puff of smoke!
The river rat bites you.
* * * LOW HITPOINT WARNING * * *
Eustachio hits you but does no damage.
The river rat bites you but does no damage.
You slash Eustachio!
Eustachio is almost dead.
You barely miss the river rat.
Eustachio calls on the powers of shadow!
Eustachio barely misses you. The river rat bites you.
You die...

..............
..........@...
..............
..............
........$..... ##'##
#### ########
#...###..###..<...#
....#...........r§...##
....#..........@@....#
$...#..........§.....#
....#................#
....#................#
....#................#
....#................#
...##...##..###..##.##
†####+####$.###### ##
.............'.


You could see Eustachio and a river rat (summoned).

Vanquished Creatures
  Sigmund (D:4)
  2 hounds (D:3)
  Natasha (D:4)
  6 adders
  A white imp (D:3)
  A worm (D:3)
  2 dart slugs (D:1)
  An orc (D:3)
  6 ball pythons
  5 endoplasms
  2 giant cockroaches
  3 hobgoblins
  10 kobolds
  4 quokkas
  4 bats
  3 frilled lizards
  5 goblins
  4 rats
61 creatures vanquished.

Notes
Turn   | Place    | Note
-------+----------+-------------------------------------------
     0 | D:1      | Mitcholas the Gargoyle Fighter began the quest for the Orb.
     0 | D:1      | Reached XP level 1. HP: 14/14 MP: 1/1
    15 | D:1      | Reached skill level 2 in Axes
    79 | D:1      | Reached XP level 2. HP: 17/19 MP: 2/2
   511 | D:1      | Reached skill level 3 in Axes
   523 | D:1      | Reached XP level 3. HP: 22/23 MP: 3/3
  1390 | D:2      | Reached XP level 4. HP: 25/28 MP: 4/4
  1430 | D:2      | Found a faded altar of an unknown god.
  1877 | D:3      | Reached skill level 4 in Axes
  2098 | D:3      | Found a hide-covered altar of Uskayaw.
  2109 | D:3      | Found a sparkling altar of Nemelex Xobeh.
  2320 | D:3      | Reached XP level 5. HP: 31/32 MP: 5/5
  2559 | D:4      | Found Qorim's General Store.
  2652 | D:4      | Found a staircase to the Ecumenical Temple.
  2657 | D:4      | Noticed Sigmund
  2668 | D:4      | Killed Sigmund
  2669 | D:4      | Reached skill level 6 in Axes
  2669 | D:4      | Reached XP level 6. HP: 13/37 MP: 6/6
  2672 | Temple   | Entered the Ecumenical Temple
  2672 | Temple   | Found a transporter.
  2672 | Temple   | Found a transporter.
  2674 | Temple   | Found a transporter.
  2674 | Temple   | Found a transporter.
  2694 | Temple   | Became a worshipper of Warmaster Okawaru
  2752 | D:4      | Noticed Natasha
  2760 | D:4      | Killed Natasha
  2767 | D:4      | Noticed Natasha
  2781 | D:4      | Natasha changed into Natasha the giant cockroach
  2781 | D:4      | Noticed Natasha
  2783 | D:4      | Killed Natasha the giant cockroach
  2785 | D:4      | Noticed a black bear
  2793 | D:4      | Noticed Natasha
  2795 | D:4      | Natasha changed into Natasha the adder
  2795 | D:4      | Noticed Natasha
  2806 | D:4      | Killed Natasha the adder
  2827 | D:4      | Noticed Eustachio
  2944 | D:4      | HP: 1/37 [river rat[Eustachio] (2)]
  2945 | D:4      | Slain by a river rat

Illustrated notes

Levels and vault maps discovered:
D:1:      lemuel_arrival_broad_hall, layout_basic, serial_glass,
          glass_columns_b, glass_columns_a, glass_columns_c, glass_columns_b,
          glass_columns_a, glass_columns_a, glass_columns_a, glass_columns_c,
          glass_columns_a, glass_columns_a, minmay_stone_trees_large
D:2:      layout_basic, basic_ecumenical_altar, serial_bayou_pond_d
D:3:      layout_basic, mainiacjoe_overflow_big_doors
D:4:      layout_gridville, minitemple, minmay_temple_entry_tees,
          nicolae_ossuary_entry_ruins, serial_shops, shop, uniq_eustachio,
          uniq_natasha, uniq_sigmund
Temple:   hellmonk_temple_divided_pantheon

Skill      XL: |  1  2  3  4  5 |
---------------+----------------+-----
Axes           | 2 3 4 6 |  6.3
Fighting       | |  3.2
Armour         | |  3.2
Shields        | |  3.2

Action                   |  1- 3 |  4- 6 || total
-------------------------+-------+-------++-------
Melee: War axe           |   101 |   120 ||   221
Evoke: Wand              |       |     2 ||     2
  Use: Scroll            |       |     1 ||     1
Armor: Scale mail        |    65 |    87 ||   152
Dodge: Dodged            |    45 |    72 ||   117
Block: Buckler           |    20 |    22 ||    42

Table legend: (Time is in decaauts)
 A = Elapsed time spent in this place.
 B = Non-inter-level travel time spent in this place.
 C = Inter-level travel time spent in this place.
 D = Time resting spent in this place.
 E = Time spent auto-exploring this place.
 F = Levels seen in this place.
 G = Mean time per level.
                   A        B        C        D        E       F      G
               +--------+--------+--------+--------+--------+-----+--------+
         Total |   3021 |   2909 |    112 |    153 |   2091 |   5 |  604.2 |
       Dungeon |   2981 |   2885 |     96 |    153 |   2091 |   4 |  745.2 |
        Temple |     40 |     24 |     16 |      0 |      0 |   1 |   40.0 |
               +--------+--------+--------+--------+--------+-----+--------+

Top non-repeatable levels by time:
     D:3: 998 daAuts
     D:1: 979 daAuts
     D:2: 720 daAuts
     D:4: 282 daAuts
  Temple: 40 daAuts
